 Dungeon Crawl Stone Soup version 0.31.0-1-g2c135a0 (webtiles) character file.

Game seed: 9958260460337971445

888683 jagoly the Slayer (level 27, -13/196 HPs)
             Began as a Gargoyle Monk on Jan 28, 2024.
             Was the Champion of the Shining One.
             Killed from afar by a Hell Sentinel (55 damage)
             ... with an iron shot
             ... on level 4 of the Iron City of Dis.
             The game lasted 11:16:15 (31126 turns).

jagoly the Slayer (Gargoyle Monk)                  Turns: 31126, Time: 11:16:16

Health: -13/196    AC: 55    Str: 26    XL:     27
Magic:  36/36      EV: 12    Int: 25    God:    the Shining One [******]
Gold:   4179       SH: 40    Dex: 16    Spells: 26/26 levels left

rFire   + + .        a - +10 war axe of Bepsigih {flame, Will++}
rCold   + + +        P - +0 tower shield {reflect}
rNeg    + + +        Z - +7 crystal plate armour {rC+}
rPois   ∞            H - +3 helmet of Free Expression {rElec Will+ Str-5 Dex+6}
rElec   +            n - scarf of the Trout {repulsion, rElec rC+ Str+3 Int+2}
rCorr   +            C - +2 pair of gloves {Dex+3}
SInv    +            g - +1 pair of boots of Mutualism {rC+}
Will    +++++        D - amulet "Zoaph" {^Contam Rampage Regen+ Str-4 Int+8} Stlth
                     W - ring "Zehah" {rF++ rCorr Dex-5 SInv Stlth+}
HPRegen 1.32/turn    i - ring "Asuqog" {rC+ Str+6 Int+3}
MPRegen 0.25/turn

%: repel missiles, reflection, rampage
@: mighty, divinely shielded, about to teleport, marked, flying, glowing,
corroded
A: sickness immunity, AC +20, big wings, negative energy resistance 1,
electricity resistance, torment resistance 1, petrification resistance, deformed
body, dopey 1, low MP 1
}: 8/15 runes: barnacled, slimy, silver, golden, obsidian, icy, bone, gossamer
a: Renounce Religion, Divine Shield, Cleansing Flame, Summon Divine Warrior


You were on level 4 of the Iron City of Dis.
You worshipped the Shining One.
The Shining One was exalted by your worship.
You visited 17 branches of the dungeon, and saw 78 of its levels.
You also visited: Ice Cave and Wizlab.

You collected 8592 gold pieces.
You spent 4413 gold pieces at shops.

Inventory:

Hand Weapons
 a - the +10 war axe of Bepsigih (weapon) {flame, Will++}
   (You found it on level 5 of the Pits of Slime)

   Will++:    It greatly increases your willpower.
 b - a +9 broad axe of holy wrath
 e - the +1 war axe of Disharmony {freeze, Will++}
   (You found it on level 2 of the Elven Halls)

   Will++:    It greatly increases your willpower.
 w - a +4 trident of protection
Missiles
 f - 29 poisoned darts
 t - 11 boomerangs (quivered)
 J - a throwing net
 M - 9 javelins
Armour
 g - the +1 pair of boots of Mutualism (worn) {rC+}
   (You found it on level 5 of the Pits of Slime)

   rC+:       It protects you from cold.
 n - the scarf of the Trout (worn) {repulsion, rElec rC+ Str+3 Int+2}
   (You found it on level 15 of the Dungeon)

   Str+3:     It affects your strength (+3).
   Int+2:     It affects your intelligence (+2).
   rC+:       It protects you from cold.
   rElec:     It insulates you from electricity.
 C - a +2 pair of gloves of dexterity (worn)
 H - the +3 helmet of Free Expression (worn) {rElec Will+ Str-5 Dex+6}
   (You acquired it on level 1 of the Tomb of the Ancients)

   Str-5:     It affects your strength (-5).
   Dex+6:     It affects your dexterity (+6).
   rElec:     It insulates you from electricity.
   Will+:     It increases your willpower.
 P - a +0 tower shield of reflection (worn)
 Z - a +7 crystal plate armour of cold resistance (worn)
Jewellery
 d - the amulet of the Four Winds {rN+ Will+++ Clar}
   (You found it on level 5 of the Vaults)

   [amulet of nothing]

   rN+:       It protects you from negative energy.
   Will+++:   It greatly increases your willpower.
   Clar:      It protects you from confusion, rage, mesmerisation and fear.
 i - the ring "Asuqog" (right hand) {rC+ Str+6 Int+3}
   (You took it off a deep elf archer on level 3 of the Elven Halls)

   [ring of strength]

   Str+6:     It affects your strength (+6).
   Int+3:     It affects your intelligence (+3).
   rC+:       It protects you from cold.
 r - a ring of protection from fire
 D - the amulet "Zoaph" (around neck) {^Contam Rampage Regen+ Str-4 Int+8}
   (You found it on level 5 of the Pits of Slime)

   [amulet of regeneration]

   Str-4:     It affects your strength (-4).
   Int+8:     It affects your intelligence (+8).
   ^Contam:   It causes magical contamination when unequipped.
   Regen+:    It increases your rate of health regeneration.
   Rampage:   It bestows one free step when moving towards enemies.
 W - the ring "Zehah" (left hand) {rF++ rCorr Dex-5 SInv Stlth+}
   (You found it on level 4 of the Vaults)

   [ring of see invisible]

   Dex-5:     It affects your dexterity (-5).
   rF++:      It greatly protects you from fire.
   SInv:      It lets you see invisible.
   rCorr:     It protects you from acid and corrosion.
   Stlth+:    It makes you more stealthy.
Wands
 o - a wand of flame (30)
 u - a wand of charming (61)
 v - a wand of quicksilver (18)
 B - a wand of iceblast (40)
 E - a wand of digging (18)
 U - a wand of mindburst (21)
Scrolls
 k - 3 scrolls of fear
 p - 15 scrolls of teleportation
 s - 7 scrolls of poison
 z - 3 scrolls of butterflies
 G - 3 scrolls of silence
 I - 3 scrolls of fog
 L - a scroll of immolation
 S - 2 scrolls of blinking
 V - 2 scrolls of enchant weapon
 X - 6 scrolls of revelation
Potions
 c - 5 potions of ambrosia
 h - 3 potions of resistance
 j - 8 potions of enlightenment
 l - 5 potions of might
 m - 4 potions of magic
 q - a potion of cancellation
 x - 3 potions of berserk rage
 y - 9 potions of curing
 F - 7 potions of mutation
 K - 3 potions of haste
 R - a potion of heal wounds
Miscellaneous
 A - a figurine of a ziggurat
 O - a box of beasts
 Y - a tin of tremorstones (2/2)


   Skills:
 - Level 26.0 Fighting
 + Level 18.2 Axes
 - Level 20.0 Throwing
 + Level 25.1 Armour
 - Level 12.0 Dodging
 - Level 2.0 Stealth
 + Level 25.1 Shields
 - Level 26.0 Invocations
 - Level 16.0 Evocations


You had 26 spell levels left.
You didn't know any spells.
Your spell library contained the following spells:

 Spells                   Type           Power      Damage    Failure   Level
 Foxfire                  Conj/Fire      0%         2x1d4     77%         1
 Freeze                   Ice            0%         1d3       77%         1
 Kiss of Death            Conj/Necr      0%         2d5       77%         1
 Sandblast                Erth           0%         2d4       77%         1
 Shock                    Conj/Air       0%         1d3       77%         1
 Blink                    Tloc           0%         N/A       88%         2
 Call Imp                 Summ           0%         N/A       88%         2
 Jinxbite                 Hex            0%         N/A       88%         2
 Lesser Beckoning         Tloc           0%         N/A       88%         2
 Mercury Vapours          Alch/Air       0%         N/A       88%         2
 Momentum Strike          Conj/Tloc      0%         3d8       88%         2
 Static Discharge         Conj/Air       0%         3-3/arc   88%         2
 Frozen Ramparts          Ice            0%         1d1       98%         3
 Fugue of the Fallen      Necr           0%         N/A       98%         3
 Gell's Gravitas          Tloc           0%         N/A       98%         3
 Hailstorm                Conj/Ice       0%         3d5       98%         3
 Inner Flame              Hex/Fire       0%         N/A       98%         3
 Mephitic Cloud           Conj/Alch/Air  0%         N/A       98%         3
 Ozocubu's Armour         Ice            0%         N/A       98%         3
 Passwall                 Erth           0%         N/A       98%         3
 Stone Arrow              Conj/Erth      0%         3d7       98%         3
 Summon Ice Beast         Ice/Summ       0%         N/A       98%         3
 Swiftness                Air            0%         N/A       98%         3
 Teleport Other           Tloc           0%         N/A       98%         3
 Volatile Blastmotes      Fire/Tloc      0%         2d10      98%         3
 Airstrike                Air            0%         2d(0-16)  100%        4
 Animate Armour           Summ/Erth      0%         N/A       100%        4
 Brom's Barrelling Bould  Conj/Erth      0%         2d3       100%        4
 Fulminant Prism          Conj/Alch      0%         3d5       100%        4
 Ignite Poison            Fire/Alch      0%         N/A       100%        4
 Iskenderun's Mystic Bla  Conj/Tloc      0%         2d3       100%        4
 Leda's Liquefaction      Alch/Erth      0%         N/A       100%        4
 Manifold Assault         Tloc           0%         N/A       100%        4
 Petrify                  Alch/Erth      0%         N/A       100%        4
 Sticky Flame             Fire/Alch      0%         2d4       100%        4
 Summon Lightning Spire   Summ/Air       0%         N/A       100%        4
 Vhi's Electric Charge    Tloc/Air       0%         N/A       100%        4
 Alistair's Intoxication  Alch           0%         N/A       100%        5
 Fireball                 Conj/Fire      0%         3d3       100%        5
 Freezing Cloud           Conj/Ice/Air   0%         6-21      100%        5
 Irradiate                Conj/Alch      0%         3d11      100%        5
 Lee's Rapid Deconstruct  Erth           0%         3d4*      100%        5
 Metabolic Englaciation   Hex/Ice        0%         N/A       100%        5
 Summon Mana Viper        Hex/Summ       0%         N/A       100%        5
 Yara's Violent Unravell  Hex/Alch       0%         3d3       100%        5
 Dispersal                Tloc           0%         N/A       100%        6
 Plasma Beam              Fire/Air       0%         2x1d10    100%        6
 Sculpt Simulacrum        Ice/Alch       0%         N/A       100%        6
 Starburst                Conj/Fire      0%         6d3       100%        6
 Enfeeble                 Hex            0%         N/A       100%        7
 Monstrous Menagerie      Summ           0%         N/A       100%        7
 Summon Hydra             Summ           0%         N/A       100%        7
 Disjunction              Tloc           0%         N/A       100%        8
 Ignition                 Fire           0%         3d3       100%        8
 Lehudib's Crystal Spear  Conj/Erth      0%         10d2      100%        8
 Cigotuvi's Dreadful Rot  Necr/Alch/Air  Unusable   N/A       N/A         2
 Sublimation of Blood     Necr           Unusable   N/A       N/A         2

Dungeon Overview and Level Annotations

Branches:
Dungeon (15/15) Zot: 25963  Temple (1/1) D:6 Zot: 5961    Lair (5/5) D:10 Zot: 25150
 Shoals (4/4) Lair:3 Zot: 22879  Spider (4/4) Lair:2 Zot: 22329   Slime (5/5) Lair:5 Zot: 26593
    Orc (2/2) D:10 Zot: 10444     Elf (3/3) Orc:2 Zot: 16555  Vaults (5/5) D:14 Zot: 25671
  Crypt (3/3) Vaults:3 Zot: 16550    Tomb (3/3) Crypt:3 Zot: 16655  Depths (2/4) D:15 Zot: 11569
   Hell (visited)             Dis (4/7) Hell Zot: 26942     Geh (7/7) Hell Zot: 26942
    Coc (7/7) Hell Zot: 26942     Tar (7/7) Hell Zot: 26942   IceCv (visited)
 WizLab (visited)

Altars:
Ashenzari
Cheibriados
Dithmenos
Elyvilon
Fedhas
Gozag
Hepliaklqana
Kikubaaqudgha
Makhleb
Nemelex Xobeh
Okawaru
Qazlal
Ru
Sif Muna
Trog
Uskayaw
Vehumet
Wu Jian
Xom
Yredelemnul
Zin
The Shining One
Jiyva

Shops:
D:6 *!:([   D:9 (:??   D:11 :   Orc:2 :[*:   Elf:2 ?   Shoals:2 [   Shoals:3 =

Portals:
Hell: Depths:2
Abyss: Depths:2
Pandemonium: Depths:2

Annotations:
Shoals:1 Jorgrun
Shoals:4 Mara, Mlioglotl
Elf:2 5 runed translucent doors
Dis:3 36 runed translucent doors
Coc:7 exclusion: 2 ice statues


Innate Abilities, Weirdness & Mutations

You are immune to sickness and miasma.
Your stone body is resilient. (AC +20)
You are immune to poison.
Your large and strong wings let you fly.
You resist negative energy. (rN+)
You are resistant to electric shocks. (rElec)
You are resistant to unholy torment.
You are immune to petrification.
Armour fits poorly on your strangely shaped body.
You are dopey. (Int -2)
Your magical capacity is low. (-10% MP)


Message History

There is an open door here.
There is a stone staircase leading down here.
You fly downwards. "Die, mortal!"
The iron giant shouts!
The iron golem squeaks loudly.
There is a gateway leading out of Dis here.
You rampage towards the iron golem!
A Hell Sentinel comes into view.
The Hell Sentinel roars!
You slash the iron giant!
The iron giant is lightly wounded.
You hear a loud squeak.
Your shield is strengthened by the Shining One's divine power.
You block the iron giant's attack.
You hit the iron giant but do no damage.
The iron giant is lightly wounded.
The iron giant throws the iron golem at you!
You block the iron golem's attack. x2
You hit the iron giant.
The iron giant is lightly wounded.
You slash the iron golem!
You hit the iron golem but do no damage.
The iron golem hits you but does no damage.
You block the iron golem's attack.
The iron giant hits you but does no damage.
You slash the iron giant!
The iron giant is lightly wounded.
You hit the iron golem but do no damage.
You hit the iron golem. You block the iron golem's attack. x2
You hit the iron giant but do no damage.
The iron giant is lightly wounded.
You hit the iron golem but do no damage. x2
The iron giant throws the iron golem at you!
You block the iron golem's attack. x4
You slash the iron giant!
The iron giant is moderately wounded.
You hit the iron golem but do no damage. x2
The iron giant closely misses you. You block the iron golem's attack.
The iron golem hits you but does no damage.
You block the iron golem's attack. x2
Activating: Cleansing Flame (0% risk of failure)
Press: ? - help, Dir - look around, f - activate The golden flame engulfs you but does no damage.
The golden flame engulfs the iron giant!
The iron giant is moderately wounded.
The golden flame engulfs the iron golem!!!
The iron golem is lightly damaged.
The golden flame engulfs the iron golem!
The iron golem is lightly damaged.
The golden flame engulfs the Hell Sentinel!!!
The Hell Sentinel writhes in agony!
The Hell Sentinel is moderately wounded.
You hear a loud squeak. x3; You hear a shout!
You block the iron giant's attack. The iron golem hits you.
You block the iron golem's attack. x3
Activating: Cleansing Flame (0% risk of failure)
Press: ? - help, Dir - look around, f - activate The golden flame engulfs you but does no damage.
You resist.
The golden flame engulfs the iron giant!
The iron giant is moderately wounded.
The golden flame engulfs the Hell Sentinel!!!
The Hell Sentinel writhes in agony!
The Hell Sentinel is severely wounded.
The golden flame engulfs the iron golem!!
The iron golem is lightly damaged.
The golden flame engulfs the iron golem!!!
The iron golem is moderately damaged.
The iron giant hits you but does no damage.
You block the Hell Sentinel's attack. x2; You block the iron golem's attack. x2
The iron golem hits you but does no damage.
The iron golem barely misses you.
Activating: Cleansing Flame (0% risk of failure)
Press: ? - help, Dir - look around, f - activate The golden flame engulfs you but does no damage.
You resist.
The golden flame engulfs the iron giant!!!
The iron giant is heavily wounded.
The golden flame engulfs the Hell Sentinel!!
The Hell Sentinel writhes in agony!
The Hell Sentinel is almost dead.
The golden flame engulfs the iron golem!!!
The iron golem is moderately damaged.
The golden flame engulfs the iron golem!
The iron golem is moderately damaged.
The iron giant throws the Hell Sentinel at you!
You block the Hell Sentinel's attack.
The Hell Sentinel hits you but does no damage.
You block the iron golem's attack. The iron golem barely misses you.
You block the iron golem's attack.
The iron golem hits you but does no damage.
Unknown command.
Unknown command.
Cleave: b) +9 broad axe (holy)
Press: ? - help, Dir - move target, f - Hell Sentinel
Aim: a Hell Sentinel (almost dead, haloed, about 3% to evade your +9 broad axe of holy wrath)
You slash the Hell Sentinel!
The Hell Sentinel convulses.
The Hell Sentinel is almost dead.
You slash the iron golem! You hit the iron golem. You slash the iron giant!
You block the iron giant's attack.
You block the Hell Sentinel's attack. x2
Cleave: b) +9 broad axe (holy)
Press: ? - help, Dir - move target, f/p - Hell Sentinel
Aim: a Hell Sentinel (almost dead, haloed, about 3% to evade your +9 broad axe of holy wrath)
You hit the Hell Sentinel but do no damage.
The Hell Sentinel is almost dead.
You hit the iron golem. You slash the iron golem!
You hit the iron giant but do no damage.
You block the iron golem's attack. x3; The iron golem hits you!
Cleave: b) +9 broad axe (holy)
Press: ? - help, Dir - move target, f/p - Hell Sentinel
Aim: a Hell Sentinel (almost dead, haloed, about 3% to evade your +9 broad axe of holy wrath)
You hit the Hell Sentinel.
The Hell Sentinel convulses.
You kill the Hell Sentinel!
The Shining One accepts your kill.
You feel better.
You feel your power returning.
You hit the iron golem but do no damage. x2
You hit the iron giant but do no damage.
You block the iron giant's attack. You block the iron golem's attack. x3
The iron golem hits you but does no damage.
Cleave: b) +9 broad axe (holy)
Press: ? - help, Dir - move target, f - iron giant
Aim: an iron giant, wielding a +0 dire flail (severely wounded, haloed, about 3% to evade your +9 broad axe of holy wrath)
You slice the iron giant!!
The iron giant is severely wounded.
You hit the iron golem. x2; You block the iron giant's attack.
You block the iron golem's attack. x2
Cleave: b) +9 broad axe (holy)
Press: ? - help, Dir - move target, f/p - iron giant
Aim: an iron giant, wielding a +0 dire flail (severely wounded, haloed, about 3% to evade your +9 broad axe of holy wrath)
You hit the iron giant but do no damage.
The iron giant is severely wounded.
You hit the iron golem but do no damage. x2
You block the iron golem's attack. x2
Cleave: b) +9 broad axe (holy)
Press: ? - help, Dir - move target, f/p - iron giant
Aim: an iron giant, wielding a +0 dire flail (severely wounded, haloed, about 3% to evade your +9 broad axe of holy wrath)
You slash the iron giant!
The iron giant is almost dead.
You slash the iron golem!
You hit the iron golem but do no damage.
The iron giant completely misses you. You block the iron golem's attack.
The iron golem barely misses you. You block the iron golem's attack. x2
Cleave: b) +9 broad axe (holy)
Press: ? - help, Dir - move target, f/p - iron giant
Aim: an iron giant, wielding a +0 dire flail (severely wounded, haloed, about 3% to evade your +9 broad axe of holy wrath)
You hit the iron giant but do no damage.
The iron giant is severely wounded.
You hit the iron golem but do no damage. x2
You block the iron giant's attack.
An iron giant comes into view. It is wielding a +0 giant club.
You block the iron golem's attack. x3
The iron golem hits you but does no damage.
Cleave: b) +9 broad axe (holy)
Press: ? - help, Dir - move target, f/p - iron giant
Aim: an iron giant, wielding a +0 dire flail (severely wounded, haloed, about 3% to evade your +9 broad axe of holy wrath)
You slash the iron giant!
The iron giant is almost dead.
You slice the iron golem!!
You hit the iron golem but do no damage.
The iron giant casts a spell at you.
Your +0 tower shield of reflection blocks the iron shot... and reflects it back!
The iron shot hits the iron giant!
Cleave: b) +9 broad axe (holy)
Press: ? - help, Dir - move target, f/p - iron giant
Aim: an iron giant, wielding a +0 dire flail (almost dead, haloed, about 3% to evade your +9 broad axe of holy wrath)
You hit the iron giant.
The iron giant is almost dead.
You slash the iron golem!
You hit the iron golem but do no damage.
You block the iron golem's attack. x4
Cleave: b) +9 broad axe (holy)
Press: ? - help, Dir - move target, f/p - iron giant
Aim: an iron giant, wielding a +0 dire flail (almost dead, haloed, about 3% to evade your +9 broad axe of holy wrath)
You hit the iron giant but do no damage.
The iron giant is almost dead.
You hit the iron golem but do no damage. x2
A crystal echidna comes into view.
You block the iron giant's attack.
The iron giant throws the crystal echidna at you!
You block the iron golem's attack. x2; The iron golem closely misses you.
You block the iron golem's attack.
Cleave: b) +9 broad axe (holy)
Press: ? - help, Dir - move target, f/p - iron giant
Aim: an iron giant, wielding a +0 dire flail (almost dead, haloed, about 3% to evade your +9 broad axe of holy wrath)
You completely miss the iron giant.
The iron giant is almost dead.
You completely miss the crystal echidna.
You hit the iron golem but do no damage.
You slash the iron golem! You block the crystal echidna's attack.
The iron giant throws the crystal echidna at you!
You block the iron golem's attack. x2
Cleave: b) +9 broad axe (holy)
Press: ? - help, Dir - move target, f/p - iron giant
Aim: an iron giant, wielding a +0 dire flail (almost dead, haloed, about 3% to evade your +9 broad axe of holy wrath)
You hit the iron giant but do no damage.
The iron giant is almost dead.
You slash the iron golem!
You hit the iron golem but do no damage.
You hit the crystal echidna.
An iron golem comes into view.
You block the iron golem's attack. x2
Cleave: b) +9 broad axe (holy)
Press: ? - help, Dir - move target, f/p - iron giant
Aim: an iron giant, wielding a +0 dire flail (almost dead, haloed, about 3% to evade your +9 broad axe of holy wrath)
You hit the iron giant but do no damage.
The iron giant is almost dead.
You hit the iron golem but do no damage.
You hit the crystal echidna. You hit the iron golem.
You block the crystal echidna's attack. You block the iron giant's attack.
You block the iron golem's attack. x2
An iron golem comes into view.
The iron golem hits you but does no damage. x2
Cleave: b) +9 broad axe (holy)
Press: ? - help, Dir - move target, f/p - iron giant
Aim: an iron giant, wielding a +0 dire flail (almost dead, haloed, about 3% to evade your +9 broad axe of holy wrath)
The iron golem squeaks loudly.
You hit the iron giant but do no damage.
The iron giant is almost dead.
You hit the iron golem but do no damage.
You slash the crystal echidna! You slash the iron golem!
The crystal echidna bites you but does no damage.
The iron giant hits you with a +0 dire flail!
You block the iron golem's attack. The iron golem hits you!!
You block the iron golem's attack. x2
Cleave: b) +9 broad axe (holy)
Press: ? - help, Dir - move target, f/p - iron giant
Aim: an iron giant, wielding a +0 dire flail (almost dead, haloed, about 3% to evade your +9 broad axe of holy wrath)
You hit the iron giant.
The iron giant is almost dead.
You slice the iron golem!! You slash the crystal echidna!
You hit the iron golem but do no damage.
Cleave: b) +9 broad axe (holy)
Press: ? - help, Dir - move target, f/p - iron giant
Aim: an iron giant, wielding a +0 dire flail (almost dead, haloed, about 3% to evade your +9 broad axe of holy wrath)
You slash the iron giant!
You kill the iron giant!
You hit the iron golem but do no damage.
You hit the crystal echidna but do no damage.
You hit the iron golem. You block the crystal echidna's attack.
The iron giant fires a harpoon shot at you.
Your +0 tower shield of reflection blocks the harpoon shot... and reflects it back!
The harpoon shot hits the iron giant.
You block the iron golem's attack. x2
The iron golem hits you but does no damage.
The iron golem hits you.
Cleave: b) +9 broad axe (holy)
Press: ? - help, Dir - move target, f - iron golem
Aim: an iron golem (heavily damaged, haloed, about 3% to evade your +9 broad axe of holy wrath)
You hit the iron golem but do no damage.
The iron golem is heavily damaged.
You slice the iron golem!! You hit the crystal echidna.
The crystal echidna flicks its quills at you.
The crystal bolt burns you! You resist. You block the iron golem's attack. x4
Cleave: b) +9 broad axe (holy)
Press: ? - help, Dir - move target, f/p - iron golem
Aim: an iron golem (heavily damaged, haloed, about 3% to evade your +9 broad axe of holy wrath)
You hit the iron golem but do no damage.
The iron golem is heavily damaged.
You hit the iron golem but do no damage.
You hit the crystal echidna but do no damage.
The crystal echidna bites you but does no damage.
Press: ? - help, v - describe, . - travel
Here: an iron giant, wielding a +0 giant club (lightly wounded, haloed)
The floor.
Unknown command.
You feel very mighty all of a sudden. You block the iron golem's attack. x2
The iron golem hits you but does no damage.
You block the iron golem's attack.
An iron golem comes into view.
You block the crystal echidna's attack. The iron giant barely misses you.
Cleave: b) +9 broad axe (holy)
Press: ? - help, Dir - move target, f - crystal echidna, p - iron golem
Aim: a crystal echidna (heavily damaged, haloed, about 12% to evade your +9 broad axe of holy wrath)
The iron golem squeaks loudly.
You slash the crystal echidna!
The crystal echidna is heavily damaged.
You slash the iron giant! You hit the iron golem.
You hit the iron golem but do no damage.
You block the iron golem's attack. x4
Cleave: b) +9 broad axe (holy)
Press: ? - help, Dir - move target, f/p - crystal echidna
Aim: a crystal echidna (heavily damaged, haloed, about 12% to evade your +9 broad axe of holy wrath)
You barely miss the crystal echidna.
The crystal echidna is heavily damaged.
You slice the iron giant!! You slash the iron golem! You slice the iron golem!!
You block the crystal echidna's attack. You block the iron giant's attack.
The iron golem hits you! You block the iron golem's attack. x2
The iron golem hits you but does no damage.
Cleave: b) +9 broad axe (holy)
Press: ? - help, Dir - move target, f/p - crystal echidna
Aim: a crystal echidna (heavily damaged, haloed, about 12% to evade your +9 broad axe of holy wrath)
You slice the crystal echidna like a ripe choko!!!
You destroy the crystal echidna!
You hit the iron giant but do no damage.
You slash the iron golem!
You hit the iron golem but do no damage. x2
The iron giant hits you with a +0 giant club!
You block the iron golem's attack. x2
Cleave: b) +9 broad axe (holy)
Press: ? - help, Dir - move target, f - iron golem
Aim: an iron golem (haloed, about 3% to evade your +9 broad axe of holy wrath)
You slash the iron golem!
The iron golem is lightly damaged.
You slice the iron giant!! You hit the iron golem.
You hit the iron golem but do no damage.
You block the iron golem's attack. x4
Cleave: b) +9 broad axe (holy)
Press: ? - help, Dir - move target, f/p - iron golem
Aim: an iron golem (lightly damaged, haloed, about 3% to evade your +9 broad axe of holy wrath)
You slash the iron golem!
The iron golem is lightly damaged.
You slash the iron giant!
You hit the iron golem but do no damage.
You hit the iron golem.
The iron giant hits you with a +0 giant club!!
* * * LOW HITPOINT WARNING * * *
The iron golem hits you but does no damage.
You block the iron golem's attack.
The iron golem hits you but does no damage.
You block the iron golem's attack.
Cleave: b) +9 broad axe (holy)
Press: ? - help, Dir - move target, f/p - iron golem
Aim: an iron golem (lightly damaged, haloed, about 3% to evade your +9 broad axe of holy wrath)
You slash the iron golem!
The iron golem is lightly damaged.
You hit the iron golem but do no damage.
You slash the iron giant!
You hit the iron golem but do no damage.
You block the iron golem's attack. x2; You block the iron giant's attack.
You block the iron golem's attack. The iron golem closely misses you.
The iron golem hits you but does no damage.
The iron golem barely misses you.
Cleave: b) +9 broad axe (holy)
Press: ? - help, Dir - move target, f/p - iron golem
Aim: an iron golem (lightly damaged, haloed, about 3% to evade your +9 broad axe of holy wrath)
You slice the iron golem!!
The iron golem is lightly damaged.
You hit the iron golem but do no damage.
You hit the iron golem.
You hit the iron giant but do no damage.
You block the iron golem's attack. x4
The iron giant casts a spell at you.
The iron shot is repelled.
Cleave: b) +9 broad axe (holy)
Press: ? - help, Dir - move target, f/p - iron golem
Aim: an iron golem (lightly damaged, haloed, about 3% to evade your +9 broad axe of holy wrath)
You completely miss the iron golem.
The iron golem is lightly damaged.
You slash the iron golem! You slice the iron golem!! You slash the iron giant!
You block the iron golem's attack. x2
Cleave: b) +9 broad axe (holy)
Press: ? - help, Dir - move target, f/p - iron golem
Aim: an iron golem (lightly damaged, haloed, about 3% to evade your +9 broad axe of holy wrath)
You slash the iron golem!
The iron golem is moderately damaged.
You hit the iron giant but do no damage.
You hit the iron golem. You slash the iron golem!
You block the iron giant's attack. You block the iron golem's attack. x3
The iron golem hits you but does no damage.
The iron golem misses you. The iron golem hits you!!
* * * LOW HITPOINT WARNING * * *
The iron giant attacks as it pursues you!
You block the iron giant's attack.
The iron golem attacks as it pursues you!
You block the iron golem's attack. x3; The iron golem hits you!!
* * * LOW HITPOINT WARNING * * *
The iron giant attacks as it pursues you!
You block the iron giant's attack. You block the iron golem's attack.
The iron golem completely misses you.
Okay, then.
Cleave: b) +9 broad axe (holy)
Press: ? - help, Dir - move target, f - iron giant, p - iron golem
Aim: an iron giant, wielding a +0 giant club (heavily wounded, haloed, about 3% to evade your +9 broad axe of holy wrath)
You slice the iron giant!!
The iron giant is severely wounded.
You slash the iron golem!
The iron giant points at you and mumbles some strange words.
Your +0 tower shield of reflection blocks the iron shot... and reflects it back!
The iron shot hits the iron giant!
Cleave: b) +9 broad axe (holy)
Press: ? - help, Dir - move target, f/p - iron giant
Aim: an iron giant, wielding a +0 giant club (almost dead, haloed, about 3% to evade your +9 broad axe of holy wrath)
You slash the iron giant!
The iron giant is almost dead.
You hit the iron golem. You block the iron golem's attack. x2
Cleave: b) +9 broad axe (holy)
Press: ? - help, Dir - move target, f/p - iron giant
Aim: an iron giant, wielding a +0 giant club (almost dead, haloed, about 3% to evade your +9 broad axe of holy wrath)
You hit the iron giant but do no damage.
The iron giant is almost dead.
You hit the iron golem but do no damage.
Cleave: b) +9 broad axe (holy)
Press: ? - help, Dir - move target, f/p - iron giant
Aim: an iron giant, wielding a +0 giant club (almost dead, haloed, about 3% to evade your +9 broad axe of holy wrath)
You slice the iron giant!!
You kill the iron giant!
You hit the iron golem. You block the iron golem's attack. x2
Cleave: b) +9 broad axe (holy)
Press: ? - help, Dir - move target, f - iron golem
Aim: an iron golem (almost destroyed, haloed, about 3% to evade your +9 broad axe of holy wrath)
You slice the iron golem!!
The iron golem is almost destroyed.
You block the iron golem's attack. x2
Cleave: b) +9 broad axe (holy)
Press: ? - help, Dir - move target, f/p - iron golem
Aim: an iron golem (almost destroyed, haloed, about 3% to evade your +9 broad axe of holy wrath)
You hit the iron golem.
The iron golem is almost destroyed.
You hit the iron golem but do no damage.
You hit the iron golem. You block the iron golem's attack. x2
Cleave: b) +9 broad axe (holy)
Press: ? - help, Dir - move target, f/p - iron golem
Aim: an iron golem (almost destroyed, haloed, about 3% to evade your +9 broad axe of holy wrath)
You slash the iron golem!
The iron golem is almost destroyed.
You hit the iron golem but do no damage.
You slice the iron golem!! You block the iron golem's attack. x4
Cleave: b) +9 broad axe (holy)
Press: ? - help, Dir - move target, f/p - iron golem
Aim: an iron golem (almost destroyed, haloed, about 3% to evade your +9 broad axe of holy wrath)
You slice the iron golem!!
You destroy the iron golem!
You hit the iron golem but do no damage.
You hit the iron golem. You block the iron golem's attack. x4
Cleave: b) +9 broad axe (holy)
Press: ? - help, Dir - move target, f - iron golem
Aim: an iron golem (moderately damaged, haloed, about 3% to evade your +9 broad axe of holy wrath)
You slash the iron golem!
The iron golem is moderately damaged.
You slash the iron golem! You block the iron golem's attack. x2
Cleave: b) +9 broad axe (holy)
Press: ? - help, Dir - move target, f - iron golem, p - iron golem
Aim: an iron golem (severely damaged, haloed, about 3% to evade your +9 broad axe of holy wrath)
You slash the iron golem!
The iron golem is severely damaged.
You hit the iron golem.
You hit the iron golem but do no damage.
You block the iron golem's attack. x2
Cleave: b) +9 broad axe (holy)
Press: ? - help, Dir - move target, f/p - iron golem
Aim: an iron golem (severely damaged, haloed, about 3% to evade your +9 broad axe of holy wrath)
Okay, then.
Unknown command.
Cleave: b) +9 broad axe (holy)
Press: ? - help, Dir - move target, f/p - iron golem
Aim: an iron golem (severely damaged, haloed, about 3% to evade your +9 broad axe of holy wrath)
Okay, then.
Unknown command.
Cleave: b) +9 broad axe (holy)
Press: ? - help, Dir - move target, f/p - iron golem
Aim: an iron golem (severely damaged, haloed, about 3% to evade your +9 broad axe of holy wrath)
You slash the iron golem!
The iron golem is severely damaged.
You hit the iron golem but do no damage.
You slice the iron golem!! You block the iron golem's attack. x4
The iron golem hits you!
* * * LOW HITPOINT WARNING * * *
The iron golem hits you!
* * * LOW HITPOINT WARNING * * *
Okay, then.
Okay, then.
Press: ? - help, v - describe, . - travel, g - get item
Here: an iron golem (lightly damaged, haloed)
Items here: a +0 giant club; an iron giant corpse.
The floor, spattered with blood.
Blink to where?
Press: ? - help, Dir - move target, p - iron golem
As you read the scroll of blinking, it crumbles to dust.
A malevolent force fills the Iron City of Dis...
With a horrendous wail, an alarm goes off!
A sentinel's mark forms upon you.
You hear a shout!
You hear a roar!
Okay, then.
The iron golem attacks as it pursues you!
You block the iron golem's attack. x2
The iron golem hits you!
* * * LOW HITPOINT WARNING * * *
You block the iron golem's attack.
The iron golem attacks as it pursues you!
The iron golem hits you but does no damage.
You block the iron golem's attack.
A dread lich comes into view.
Found a stone staircase leading down.
A crystal echidna comes into view.
Press: ? - help, v - describe, . - travel
Here: a dread lich (haloed)
The floor.
Unknown command.
Your +9 broad axe of holy wrath stops glowing.
The +10 war axe of Bepsigih {flame, Will++} bursts into flame!
a - the +10 war axe of Bepsigih (weapon)
{flame, Will++} A Hell Sentinel comes into view.
An ancient champion comes into view. It is wielding a +3 great mace.
As you read the scroll of teleportation, it crumbles to dust.
You feel strangely unstable.
The dread lich casts a spell.
The dread lich flickers and vanishes for a moment.
The Hell Sentinel gestures at you. The iron shot hits you!!!
You die...

.#####
..#..##########
#z.....#.....#
+.r>...#.....#
#.1..^.#.....#
#......#.....#
#....@.#.....#
##..L.##.....#
.##...9##.....#
...............#
...............#
........9.9....#
...............#
...............#
.##.....##.....#


You could see 2 iron golems, a Hell Sentinel, a dread lich (invisible), an
ancient champion and a crystal echidna.

Vanquished Creatures
  Antaeus (Coc:7)
  Asmodeus (Geh:7)
  Ereshkigal (Tar:7)
  the Royal Jelly (Slime:5)
  the Serpent of Hell (Coc:7)
  Khufu (Crypt:3)
  4 dread liches
  7 ancient liches
  Bai Suzhen (Vaults:5)
  32 royal mummies
  Xtahua (Vaults:3)
  Boris (twice) (Crypt:3 Tomb:2)
  Saint Roka (Vaults:5)
  Margery (Crypt:3)
  10 caustic shrikes (Dis:3)
  Geryon (Hell)
  Jory (Vaults:4)
  A golden dragon (Depths:2)
  20 profane servitors
  8 Brimstone Fiends
  7 bone dragons
  2 iron giants (Dis:4)
  14 hellephants
  10 Tzitzimimeh
  A spectral shard shrike (Tar:2)
  3 doom hounds
  3 tentacled monstrosities (Vaults:5)
  8 liches
  23 tainted leviathans
  11 Ice Fiends
  A Hell Sentinel (Dis:4)
  2 quicksilver dragons
  22 searing wretches
  9 sphinxes
  8 titans
  A deep elf master archer (Elf:3)
  10 acid blobs
  19 ancient champions
  Gastronok (D:8)
  4 storm dragons
  7 tengu reavers (Vaults:5)
  6 shadow dragons
  Donald (Crypt:2)
  9 revenants
  19 fire giants
  19 azure jellies
  2 emperor scorpions
  6 rockslimes
  27 narguns
  18 frost giants
  Louise (Shoals:4)
  4 deep elf sorcerers
  The ghost of Ullipcorian the Impaler, an adept MfGl of Hepliaklqana (Orc:1)
  3 quicksilver elementals
  19 balrugs
  4 ghost moths
  A juggernaut zombie (Crypt:2)
  2 spectral caustic shrikes
  8 shard shrike simulacra
  5 iron dragons
  A spectral juggernaut (Tar:6)
  4 ghouls
  3 deep elf elementalists (Elf:3)
  20 vault wardens
  A spriggan defender (Depths:2)
  A broodmother (Spider:3)
  10 quicksilver oozes
  A curse skull (Crypt:2)
  13 ironbound preservers
  A caustic shrike skeleton (Hell)
  3 formless jellyfish (Slime:1)
  13 very ugly things
  7 stone giants
  5 ironbound thunderhulks
  10 vampire knights
  18 elemental wellsprings
  2 deep elf demonologists
  19 putrid mouths
  4 deep elf death magi
  2 spark wasps
  6 deep elf annihilators
  3 dire elephants (Vaults:2)
  7 bennus
  13 war gargoyles
  15 wendigos
  2 pearl dragon zombies (Crypt:1)
  A crystal guardian (Vaults:4)
  6 ettins
  3 iron golems
  4 eidola
  15 jiangshi
  2 merfolk impalers
  A fire dragon (D:14)
  13 yaktaur captains
  2 spectral krakens (Tar:7)
  18 mummy priests
  2 entropy weavers (Spider:4)
  5 spectral spriggans
  A quicksilver dragon zombie (Crypt:2)
  4 great orbs of eyes
  5 deep elf high priests (Vaults:5)
  2 spriggan zombies (Crypt:2)
  6 salamander tyrants
  2 ice dragons
  5 rakshasas
  39 vault guards
  2 spriggan skeletons
  4 caustic shrike simulacra
  5 ogre magi
  4 quicksilver dragon skeletons
  A catoblepas (Lair:3)
  2 hydras
  A spriggan air mage (Depths:2)
  8 ironbound frosthearts
  2 merfolk aquamancers (Shoals:3)
  4 juggernaut simulacra
  A radroach (Spider:4)
  17 two-headed ogres
  2 peacekeepers
  14 centaur warriors
  A satyr (Shoals:3)
  A fenstrider witch skeleton (Crypt:2)
  8 stokers
  2 jorogumos (Spider:4)
  14 dancing weapons
  Erica (D:8)
  A spectral stone giant (Tar:1)
  5 boulder beetles
  4 death knights
  12 death yaks
  3 tengu warriors
  5 deep troll earth magi
  51 death scarabs
  4 deep troll shamans
  2 vampire magi (Crypt:1)
  6 demonic crawlers
  Urug (Orc:1)
  30 hell hogs
  3 occultists
  A spectral dire elephant (Tar:2)
  5 orc high priests
  3 spriggan berserkers (Depths:2)
  6 soul eaters (Hell)
  11 sun demons (Hell)
  A shock serpent (shapeshifter) (Vaults:5)
  4 deep elf knights
  2 crystal echidnas
  A storm dragon zombie (Crypt:1)
  8 hell knights
  2 titan skeletons (Vaults:3)
  A skyshark (shapeshifter) (Vaults:5)
  Lodul (D:11)
  8 shadow wraiths
  2 iron trolls
  5 pharaoh ants
  40 skeletal warriors
  3 sea snakes
  2 anaconda zombies (Crypt:1)
  8 skysharks
  A storm dragon skeleton (Crypt:2)
  A bunyip zombie (Crypt:2)
  42 deep trolls
  3 sun moths
  5 orb spiders
  3 spriggan simulacra
  2 spectral iron dragons (Tar:3)
  6 quicksilver dragon simulacra
  A swamp dragon (Lair:5)
  A shadow dragon zombie (Crypt:1)
  3 anaconda skeletons
  8 flayed ghosts
  9 lindwurms
  5 arcanists
  19 ironbound convokers
  Pikel (D:4)
  2 steelbarb worms (Spider:2)
  A bunyip skeleton (Tomb:1)
  11 orc knights
  2 alligator zombies
  A golden dragon skeleton (Crypt:1)
  9 phantasmal warriors
  30 ugly things
  9 deep elf archers
  11 deep elf zephyrmancers
  13 harpies
  A harpy (shapeshifter) (D:14)
  11 necromancers
  2 stone giant zombies
  12 wolf spiders
  2 fauns
  12 deep elf pyromancers
  7 orc sorcerers
  4 cyclopes
  A draconian zombie (Crypt:2)
  9 manticores
  An alligator skeleton (Hell)
  Maurice (D:7)
  An elf skeleton (Vaults:3)
  A shadow dragon skeleton (Vaults:3)
  A moth of wrath (Spider:1)
  An orc zombie (Tomb:3)
  4 merfolk sirens
  A frost giant skeleton (Vaults:3)
  3 ice statues
  3 meliai (D:14)
  3 tengu skeletons
  4 apis skeletons (Crypt:1)
  3 stone giant skeletons
  9 rust devils (Hell)
  2 water nymphs
  A fire giant skeleton (Crypt:2)
  11 elephants
  2 titan simulacra (Coc:7)
  2 dire elephant skeletons
  3 molten gargoyles (Hell)
  11 smoke demons (Hell)
  5 black mambas
  2 human skeletons (Vaults:3)
  A gargoyle (D:14)
  A kobold blastminer (Orc:2)
  A torpor snail (Lair:3)
  12 hellions
  17 cane toads
  9 vault sentinels
  2 centaur skeletons
  10 yaktaurs
  7 spectral swamp worms (Tar:7)
  A kobold demonologist (D:12)
  An unseen horror (D:13)
  An eye of devastation (Vaults:4)
  8 komodo dragons
  An iron giant simulacrum (Coc:2)
  7 anaconda simulacra
  16 freezing wraiths
  An unseen horror skeleton (Crypt:1)
  Psyche (D:11)
  6 ice devils (Hell)
  2 tengu conjurers (D:15)
  A red devil (Hell)
  A golden dragon simulacrum (Coc:7)
  A spectral naga (Tar:3)
  6 rime drakes
  3 spectral harpies
  41 guardian mummies
  5 tormentors
  3 harpy zombies (Crypt:2)
  4 hydra zombies
  5 trolls
  12 merfolk
  10 polar bears (IceCv)
  9 hornets
  3 harpy skeletons
  11 tarantellas
  6 wind drakes
  An ettin zombie (Crypt:2)
  An iron dragon simulacrum (Coc:3)
  3 hydra skeletons
  A tarantella (shapeshifter) (D:14)
  An ice dragon zombie (Crypt:1)
  A stone giant simulacrum (Coc:4)
  2 snapping turtles
  Prince Ribbit (D:5)
  7 blink frogs
  8 dream sheep (Lair:3)
  3 glass eyes
  A fire dragon zombie (Crypt:1)
  A slime creature (shapeshifter) (Vaults:5)
  54 slime creatures
  19 jumping spiders
  9 culicivoras
  A vampire (D:10)
  6 air elementals
  4 small abominations (Crypt:3)
  15 ushabtiu
  2 centaur simulacra
  3 spriggans (Depths:2)
  17 water elementals
  A black mamba zombie (Crypt:2)
  Grum (Lair:1)
  3 shadows
  3 dire elephant simulacra
  16 wyverns
  A naga simulacrum (Coc:5)
  65 yaks
  8 wraiths
  4 humans (D:14)
  A steam dragon (Lair:5)
  7 golden eyes
  31 redbacks
  4 basilisks
  A warg (Orc:1)
  4 neqoxecs (Orc:1)
  17 harpy simulacra
  2 hydra simulacra
  3 naga zombies
  6 hell hounds (D:15)
  2 glowing shapeshifter skeletons (Vaults:3)
  21 water moccasins
  4 swamp drakes (Lair:5)
  22 laughing skulls
  3 black bears
  2 sky beasts
  A black bear (shapeshifter) (Vaults:4)
  21 orc warriors
  3 ice beasts
  A merfolk simulacrum (Coc:1)
  5 ettin simulacra
  17 ogres
  20 wolves
  16 centaurs
  An elf simulacrum (Vaults:4)
  A lemure (D:4)
  2 phantoms (D:5)
  2 human zombies (Vaults:4)
  4 kobold brigands
  A weeping skull (Crypt:3)
  7 bullfrogs
  3 gnoll sergeants
  4 necrophages (Crypt:3)
  2 earth elementals
  5 scorpions
  12 wights
  4 burial acolytes (Crypt:3)
  8 killer bees
  3 electric eels
  2 howler monkeys (D:9)
  2 quasits (Orc:1)
  3 hounds
  2 jellies
  25 orc priests
  A gnoll bouda (D:7)
  4 iguanas (Lair:5)
  A sleepcap (D:5)
  7 hell rats (Lair:2)
  22 orc wizards
  43 mummies
  33 gnolls
  5 adders
  2 shadow imps (D:6)
  2 white imps (D:6)
  2 dart slugs
  A ribbon worm (D:2)
  98 orcs
  4 ball pythons
  4 bats
  An endoplasm (D:4)
  A giant cockroach (D:4)
  30 goblins
  17 hobgoblins
  3 jackals (D:5)
  2 quokkas
  A frilled lizard (D:3)
  10 kobolds
  2 rats
  5 creeping infernos
  4 fire vortices (Geh:6)
  2 tentacles (Tar:7)
2510 creatures vanquished.

Vanquished Creatures (collateral kills)
  2 deep elf blademasters (Elf:3)
  3 acid blobs (Slime:5)
  A deep elf master archer (Elf:3)
  2 rockslimes (Slime:5)
  5 deep elf sorcerers
  6 deep elf elementalists
  2 emperor scorpions (Spider:4)
  2 ghost moths (Spider:4)
  A quicksilver ooze (Slime:5)
  7 deep elf death magi
  4 deep elf demonologists
  3 deep elf annihilators (Elf:3)
  A bennu (Tomb:1)
  A merfolk javelineer (Shoals:4)
  An entropy weaver (Spider:4)
  A great orb of eyes (Slime:5)
  2 deep elf high priests (Elf:3)
  A radroach (Spider:3)
  A death yak (Shoals:4)
  5 dancing weapons
  An orc high priest (Orc:2)
  6 deep elf knights
  A pharaoh ant (Spider:4)
  A steelbarb worm (Spider:4)
  5 deep elf archers (Elf:2)
  12 deep elf zephyrmancers
  5 wolf spiders
  An orc sorcerer (Vaults:5)
  9 deep elf pyromancers
  A shining eye (Slime:5)
  A manticore (Shoals:4)
  A kobold blastminer (Orc:2)
  3 eyes of devastation (Slime:5)
  A merfolk (Shoals:4)
  A troll (Orc:2)
  A wind drake (Shoals:4)
  4 tarantellas
  3 hornets (Spider:4)
  2 air elementals
  A culicivora (Spider:4)
  4 jumping spiders (Spider:4)
  A water elemental (Elf:2)
  A fire elemental (Elf:1)
  6 redbacks (Spider:4)
  4 orc warriors (Orc:2)
  2 ogres (Orc:2)
  2 earth elementals
  2 electric eels (Spider:4)
  2 orc priests (Orc:2)
  3 orc wizards
  A gnoll (D:9)
  6 orcs (Orc:2)
145 creatures vanquished.

Vanquished Creatures (others)
  An Ice Fiend (Coc:7)
  A hellephant (Geh:6)
  3 fire giants
  A nargun (Coc:2)
  2 shard shrike simulacra (Coc:5)
  An elemental wellspring (Coc:6)
  A blizzard demon (Hell)
  32 death scarabs (Tomb:3)
  A hell hog (Hell)
  A soul eater (Crypt:2)
  2 quicksilver dragon simulacra
  A spriggan simulacrum (Coc:3)
  A deep elf pyromancer (Elf:3)
  A fenstrider witch simulacrum (Coc:2)
  An ugly thing (D:14)
  A cane toad (Lair:5)
  An anaconda simulacrum (Coc:2)
  A tormentor (Geh:6)
  An ice devil (Hell)
  3 guardian mummies (Tomb:3)
  A polar bear (IceCv)
  2 stone giant simulacra (Coc:3)
  An air elemental (Elf:3)
  A slime creature (D:9)
  An iron dragon simulacrum (Coc:3)
  3 yaks
  2 harpy simulacra
  An ice beast (D:8)
  An ogre (D:11)
  A demonspawn simulacrum (Coc:2)
  A naga simulacrum (Coc:7)
  6 mummies (Tomb:3)
  A kobold (D:12)
  10 tentacles
89 creatures vanquished.

Grand Total: 2744 creatures vanquished

Notes
Turn   | Place    | Note
-------+----------+-------------------------------------------
     0 | D:1      | jagoly the Gargoyle Monk began the quest for the Orb.
     0 | D:1      | Reached XP level 1. HP: 14/14 MP: 1/1
   113 | D:2      | Reached XP level 2. HP: 19/19 MP: 2/2
   152 | D:2      | Reached skill level 1 in Stealth
   275 | D:2      | Reached XP level 3. HP: 5/24 MP: 3/3
   610 | D:5      | Entered Level 5 of the Dungeon
   867 | D:4      | Noticed a scorpion
   875 | D:4      | Killed a scorpion
   876 | D:4      | Reached XP level 4. HP: 26/29 MP: 4/4
   928 | D:4      | Reached XP level 5. HP: 15/33 MP: 5/5
  1070 | D:4      | Noticed a lemure
  1071 | D:4      | Noticed Pikel
  1096 | D:4      | Killed a lemure
  1140 | D:5      | Noticed a phantom
  1150 | D:5      | Killed a phantom
  1191 | D:6      | Found Jiaxt's Distillery.
  1249 | D:6      | Found Ashruhu's Weapon Emporium.
  1262 | D:6      | Found Beduisk's Antique Armour Shop.
  1281 | D:6      | Bought a pitted chain mail for 161 gold pieces
  1281 | D:6      | Identified the +1 chain mail "Seromumn" {Str+3 Slay+3} (You
                  | bought it in a shop on level 6 of the Dungeon)
  1297 | D:5      | Noticed a centaur
  1304 | D:5      | Killed a centaur
  1305 | D:5      | Reached skill level 5 in Axes
  1305 | D:5      | Reached skill level 1 in Armour
  1305 | D:5      | Reached XP level 6. HP: 39/39 MP: 6/6
  1322 | D:5      | Found an iron altar of Okawaru.
  1335 | D:5      | Noticed a black bear
  1350 | D:5      | Killed a black bear
  1351 | D:5      | Reached skill level 5 in Fighting
  1351 | D:5      | Reached XP level 7. HP: 35/44 MP: 7/7
  1793 | D:5      | Reached XP level 8. HP: 50/50 MP: 8/8
  2003 | D:4      | Killed Pikel
  2270 | D:6      | Noticed Prince Ribbit
  2288 | D:5      | Killed Prince Ribbit
  2289 | D:5      | Reached skill level 1 in Throwing
  2312 | D:6      | Reached XP level 9. HP: 37/56 MP: 9/9
  2473 | D:7      | Noticed a hornet
  2483 | D:7      | Killed a hornet
  2547 | D:7      | Noticed Maurice
  2566 | D:7      | Maurice stole a ring of wizardry
  2570 | D:7      | Maurice stole a +0 trident
  2577 | D:7      | Maurice stole 184 gold
  2588 | D:7      | Killed Maurice
  2710 | D:6      | Found a staircase to the Ecumenical Temple.
  2715 | Temple   | Entered the Ecumenical Temple
  2734 | Temple   | Became a worshipper of the Shining One
  2734 | Temple   | Reached * piety under the Shining One
  2734 | Temple   | Reached ** piety under the Shining One
  2813 | D:6      | Found Baer Hi Ori's Assorted Antiques.
  2832 | D:6      | Bought 2 yellow potions for 41 gold pieces
  2832 | D:6      | Bought a scroll labelled GIWEQA DASE for 23 gold pieces
  2832 | D:6      | Bought a scroll labelled HIEXZA BOUHERR for 23 gold pieces
  2956 | D:6      | Reached skill level 1 in Evocations
  2957 | D:6      | Reached XP level 10. HP: 50/64 MP: 10/10
  3058 | D:6      | Found Isairph's Book Boutique.
  3454 | D:8      | Noticed Gastronok
  3473 | D:8      | Reached *** piety under the Shining One
  3474 | D:8      | Noticed Erica
  3499 | D:8      | Killed Erica
  3750 | D:8      | Reached skill level 10 in Axes
  4142 | D:9      | Found Jeinguc's Magic Scroll Shop.
  4149 | D:9      | Bought a scroll of blinking for 82 gold pieces
  4149 | D:9      | Bought a scroll of teleportation for 33 gold pieces
  4162 | D:9      | Found Utrask's Magic Scroll Emporium.
  4217 | D:10     | Entered Level 10 of the Dungeon
  4251 | D:10     | Reached **** piety under the Shining One
  4267 | D:10     | Reached XP level 11. HP: 21/71 MP: 8/12
  4548 | D:9      | Found Zostuxzi's Antique Weapon Shop.
  4781 | D:9      | Found Zemoeff's Book Emporium.
  4873 | D:9      | Found a bloodstained altar of Trog.
  5069 | D:11     | Noticed a two-headed ogre
  5085 | D:11     | Killed a two-headed ogre
  5110 | D:11     | Noticed Psyche
  5116 | D:11     | Killed Psyche
  5263 | D:11     | Found Wunoigedaq's Book Emporium.
  5354 | D:11     | Found a frozen archway.
  5377 | D:11     | Reached skill level 10 in Fighting
  5398 | IceCv    | Entered an ice cave
  5432 | IceCv    | Noticed a death yak
  5432 | IceCv    | Noticed a death yak
  5444 | IceCv    | Noticed a death yak
  5481 | IceCv    | Killed a death yak
  5486 | IceCv    | Reached skill level 5 in Dodging
  5499 | IceCv    | Killed a death yak
  5500 | IceCv    | Reached XP level 12. HP: 45/78 MP: 14/14
  5534 | IceCv    | Killed a death yak
  5557 | IceCv    | Got the Grimoire of the Entourage and Darkness
  5876 | IceCv    | Noticed a death yak
  5898 | IceCv    | Killed a death yak
  5930 | IceCv    | Noticed a death yak
  5930 | IceCv    | Noticed a frost giant
  5930 | IceCv    | Noticed a death yak
  5965 | IceCv    | Killed a death yak
  6009 | IceCv    | Killed a frost giant
  6010 | IceCv    | Reached skill level 10 in Armour
  6106 | IceCv    | Killed a death yak
  6285 | D:11     | Noticed Lodul
  6311 | D:11     | Killed Lodul
  6312 | D:11     | Reached XP level 13. HP: 30/84 MP: 15/15
  6855 | D:10     | Found a staircase to the Orcish Mines.
  6954 | D:10     | Found a staircase to the Lair.
  7165 | D:9      | Bought a scroll of poison for 44 gold pieces
  7165 | D:9      | Bought a scroll of enchant armour for 82 gold pieces
  7165 | D:9      | Bought a scroll of fear for 44 gold pieces
  7179 | D:9      | Bought a scroll of revelation for 105 gold pieces
  7179 | D:9      | Bought a scroll of poison for 56 gold pieces
  7281 | D:6      | Bought a potion of cancellation for 88 gold pieces
  7281 | D:6      | Bought a potion of resistance for 110 gold pieces
  7281 | D:6      | Bought a potion of haste for 110 gold pieces
  7283 | D:6      | Bought a potion of curing for 33 gold pieces
  7283 | D:6      | Bought a potion of resistance for 110 gold pieces
  7283 | D:6      | Bought a potion of curing for 33 gold pieces
  7449 | D:8      | Killed Gastronok
  7604 | Lair:1   | Entered Level 1 of the Lair of Beasts
  7606 | Lair:1   | Noticed Grum
  7623 | Lair:1   | Killed Grum
  7988 | Lair:2   | Reached ***** piety under the Shining One
  8087 | Lair:3   | Found a staircase to the Shoals.
  8297 | Lair:2   | Found a hole to the Spider Nest.
  8448 | Lair:3   | Gained mutation: Your large and strong wings let you fly.
                  | [Gargoyle growth]
  8448 | Lair:3   | Reached XP level 14. HP: 54/92 MP: 16/16
  8473 | Lair:3   | Reached skill level 15 in Axes
  8699 | Lair:5   | Entered Level 5 of the Lair of Beasts
  8973 | Lair:5   | Got an earthy gem with 2387 turns to spare
  9345 | Lair:5   | Identified the +7 great sword of Amemnytz {drain, Dex+3}
  9498 | Lair:5   | Found a staircase to the Slime Pits.
  9498 | Lair:5   | Found a viscous altar of Jiyva.
  9740 | Lair:3   | Reached skill level 5 in Invocations
  9910 | Lair:2   | Reached XP level 15. HP: 60/100 MP: 20/20
  9959 | Lair:1   | Identified a scroll of acquirement
 10082 | Orc:1    | Entered Level 1 of the Orcish Mines
 10099 | Orc:2    | Entered Level 2 of the Orcish Mines
 10142 | Orc:1    | Found a transporter.
 10158 | Orc:1    | Noticed Ullipcorian's ghost (adept MfGl)
 10262 | Orc:1    | Found a transporter.
 10407 | Orc:2    | Reached ****** piety under the Shining One
 10471 | Orc:2    | Found a staircase to the Elven Halls.
 10471 | Orc:2    | Found Foixiul's Vocational Training.
 10751 | Orc:1    | Noticed Urug
 10761 | Orc:1    | Killed Urug
 10828 | Orc:2    | Reached skill level 10 in Invocations
 11228 | Orc:2    | Found Toahudwe's Book Shoppe.
 11228 | Orc:2    | Found Tihivoru's Book Boutique.
 11230 | Orc:2    | Found Qamuilur's Assorted Antiques.
 11230 | Orc:2    | Found Fezxol's Armour Shoppe.
 11241 | Orc:2    | Acquired the scarf "Gytserui" {repulsion, rElec rCorr
                  | Dex-3}
 11255 | Orc:2    | Bought a scroll of teleportation for 81 gold pieces
 11349 | Orc:2    | Bought a manual of Invocations for 960 gold pieces
 11359 | Elf:1    | Entered Level 1 of the Elven Halls
 11369 | Elf:1    | Noticed a cacodemon
 11520 | Elf:2    | Noticed a deep elf elementalist
 11524 | Elf:2    | The Shining One protects you from harm!
 11526 | Elf:2    | Killed a deep elf elementalist
 11530 | Elf:2    | Noticed a deep elf sorcerer
 11538 | Elf:2    | Killed a deep elf sorcerer
 11542 | Elf:2    | Noticed a deep elf sorcerer
 11545 | Elf:2    | Killed a deep elf sorcerer
 11609 | Elf:2    | Reached XP level 16. HP: 45/107 MP: 24/24
 11627 | Elf:3    | Entered Level 3 of the Elven Halls
 11693 | Elf:2    | Found a huge runed translucent gate.
 11693 | Elf:2    | Found a huge runed translucent gate.
 11693 | Elf:2    | Found a huge runed translucent gate.
 11695 | Elf:2    | Found a huge runed translucent gate.
 11696 | Elf:2    | Found a huge runed translucent gate.
 11774 | Elf:2    | Paralysed by an air elemental for 1 turns
 11839 | Elf:2    | Found Duamefef's Magic Scroll Shop.
 11865 | Elf:2    | Bought a scroll of teleportation for 57 gold pieces
 11865 | Elf:2    | Bought a scroll of teleportation for 57 gold pieces
 11953 | Elf:2    | Reached skill level 15 in Fighting
 11986 | Elf:2    | Reached skill level 5 in Throwing
 12012 | Elf:2    | Identified the +1 war axe of Disharmony {freeze, Will++}
 12070 | Elf:3    | Noticed a deep elf blademaster
 12080 | Elf:3    | Killed a deep elf blademaster
 12085 | Elf:3    | Noticed a deep elf master archer
 12384 | Orc:1    | Reached skill level 1 in Shields
 12425 | Orc:1    | Killed Ullipcorian's ghost
 12575 | Spider:1 | Entered Level 1 of the Spider Nest
 12826 | Spider:2 | Reached skill level 5 in Shields
 13261 | Spider:4 | Entered Level 4 of the Spider Nest
 13355 | Spider:4 | Reached XP level 17. HP: 61/113 MP: 26/26
 13540 | Spider:4 | Reached skill level 10 in Shields
 13953 | Spider:4 | Got a milky-white gem with 1122 turns to spare
 13955 | Spider:4 | Got a gossamer rune of Zot
 14446 | Shoals:1 | Entered Level 1 of the Shoals
 14499 | Shoals:1 | Noticed Jorgrun
 14663 | Shoals:2 | Found Aduwnama's Antique Armour Shoppe.
 14788 | Shoals:3 | Reached skill level 5 in Evocations
 14880 | Shoals:3 | Reached XP level 18. HP: 72/120 MP: 27/27
 14881 | Shoals:3 | Found Epid's Jewellery Shoppe.
 14926 | Shoals:4 | Entered Level 4 of the Shoals
 14967 | Shoals:4 | Paralysed by an air elemental for 1 turns
 14972 | Shoals:4 | Paralysed by an air elemental for 1 turns
 14982 | Shoals:4 | Paralysed by an air elemental for 1 turns
 15009 | Shoals:4 | Noticed Louise
 15019 | Shoals:4 | Identified the +5 tower shield of Submission {Int+9 Dex-3}
 15029 | Shoals:4 | Killed Louise
 15054 | Shoals:4 | Noticed Mara
 15069 | Shoals:4 | Noticed Mlioglotl
 15073 | Shoals:4 | Identified the +2 pair of boots "Fyllif Boups" {+Inv Int+2}
 15076 | Shoals:4 | Got an azure gem with 1224 turns to spare
 15080 | Shoals:4 | Got a barnacled rune of Zot
 15080 | Shoals:4 | Noticed a titan
 15091 | Shoals:4 | Paralysed by an air elemental for 1 turns
 15883 | Slime:1  | Entered Level 1 of the Pits of Slime
 15951 | Slime:5  | Entered Level 5 of the Pits of Slime
 16024 | Slime:5  | Found a viscous altar of Jiyva.
 16025 | Slime:5  | Noticed the Royal Jelly
 16070 | Slime:5  | Killed the Royal Jelly
 16074 | Slime:5  | Reached skill level 10 in Throwing
 16077 | Slime:5  | HP: 4/120 [acid blob/splash of acid (18)]
 16114 | Slime:5  | Got a slimy rune of Zot
 16115 | Slime:5  | Identified the amulet of Muokhiwk {Spirit rCorr Str-5
                  | Int+6}
 16131 | Slime:5  | Found the +18 shield of the Gong {Loud rN+ Will+ rCorr
                  | EV-5}
 16133 | Slime:5  | Got a starry gem with 392 turns to spare
 16156 | Slime:5  | Identified the amulet "Zoaph" {^Contam Rampage Regen+ Str-4
                  | Int+8}
 16182 | Slime:5  | Identified the +10 war axe of Bepsigih {flame, Will++}
 16202 | Slime:5  | Identified the +6 glaive of the Asp {pain, rPois rN+ Dex-4}
 16209 | Slime:5  | Identified the +1 pair of boots of Mutualism {rC+}
 16431 | Lair:5   | Acquired a +1 kite shield of reflection
 16717 | Orc:2    | Bought a manual of Evocations for 960 gold pieces
 16773 | Elf:3    | Killed a deep elf master archer
 16779 | Elf:3    | Paralysed by an air elemental for 1 turns
 16785 | Elf:3    | Reached XP level 19. HP: 80/125 MP: 18/28
 16807 | Elf:3    | Noticed an Ice Fiend
 16837 | Elf:3    | Paralysed by an air elemental for 1 turns
 16894 | Elf:3    | Identified the +10 battleaxe of Painful Death {freeze,
                  | ^Contam MP+9 Str+3}
 17100 | Elf:3    | Identified the +5 whip "Atorhyig" {holy, rN+}
 17134 | Elf:3    | Identified the ring "Asuqog" {rC+ Str+6 Int+3}
 17154 | Elf:3    | Identified the staff "Xaemuab" {rPois rF+ rN+ Necro
                  | Alchemy}
 17206 | Elf:3    | Got a shimmering gem with 483 turns to spare
 17248 | Elf:3    | Identified the +0 cloak of Ferpha {Dex+2 Stlth+}
 17501 | D:9      | Bought a manual of Shields for 1120 gold pieces
 17741 | D:13     | Identified the ring of Freedom {rC+ Int+3}
 17898 | D:15     | Entered Level 15 of the Dungeon
 17956 | D:14     | Found a shimmering altar of Xom.
 18018 | D:14     | Acquired a manual of Armour
 18321 | D:14     | Found a shimmering altar of Xom.
 18467 | D:14     | Found a gate to the Vaults.
 18479 | Vaults:1 | Entered Level 1 of the Vaults
 18522 | Vaults:1 | Reached skill level 10 in Evocations
 18675 | Vaults:2 | Reached skill level 15 in Armour
 18782 | Vaults:2 | Reached XP level 20. HP: 52/133 MP: 30/30
 19119 | Vaults:3 | Noticed Xtahua
 19150 | Vaults:3 | Killed Xtahua
 19266 | Vaults:3 | Reached skill level 15 in Invocations
 19365 | Vaults:3 | Found a staircase to the Crypt.
 19788 | Vaults:4 | Noticed Jory
 19812 | Vaults:4 | Killed Jory
 19956 | Vaults:4 | Found the +3 robe of Clouds {*Thunder rCloud rElec}
 19958 | Vaults:4 | Identified the +5 short sword of Harmony {flame, *Rage
                  | Int+4 SInv}
 20006 | Vaults:4 | Reached XP level 21. HP: 142/142 MP: 22/33
 20008 | Vaults:4 | Reached skill level 15 in Shields
 20067 | Vaults:4 | Identified the staff of Ybirage {^Fragile rF+++ rC+ rN+++
                  | Int-4 Ice}
 20118 | Vaults:4 | Identified the ring "Zehah" {rF++ rCorr Dex-5 SInv Stlth+}
 20807 | Vaults:5 | Entered Level 5 of the Vaults
 20816 | Vaults:5 | Noticed Bai Suzhen
 20958 | Vaults:5 | Noticed an ancient lich
 20991 | Vaults:5 | Killed an ancient lich
 20992 | Vaults:5 | Reached XP level 22. HP: 151/151 MP: 35/35
 21422 | Vaults:5 | Noticed Saint Roka
 21453 | Vaults:5 | Identified the +15 plate armour of Sotoesu {Harm rC+ Str-5
                  | Int+3}
 21475 | Vaults:5 | Killed Saint Roka
 21606 | Vaults:5 | Got the Compilation of Fulmination
 21608 | Vaults:5 | Got Zuvefi's Handbook of Venin and the Compass
 21702 | Vaults:5 | Killed Bai Suzhen
 21753 | Vaults:5 | Got Lijiss's Handbook of Topological Arson
 21836 | Vaults:5 | Identified the ring "Citaneh" {MP+9 Dex+5}
 21840 | Vaults:5 | Identified the +2 leather armour of the Arcane {rCorr
                  | Dex+2}
 21915 | Vaults:5 | Found the amulet of the Four Winds {rN+ Will+++ Clar}
 21946 | Vaults:5 | Identified the +4 spear of the Whelk {freeze, rElec Str+4
                  | Int-3}
 21976 | Vaults:5 | Got a shining gem with 600 turns to spare
 21979 | Vaults:5 | Got a silver rune of Zot
 22140 | Crypt:1  | Entered Level 1 of the Crypt
 22326 | Crypt:1  | Reached XP level 23. HP: 159/159 MP: 36/36
 22415 | Crypt:1  | Found a basalt altar of Yredelemnul.
 22497 | Crypt:1  | Found a magical portal.
 22652 | WizLab   | Entered Tukima's Studio
 22717 | WizLab   | Found the +2 hood of the Assassin {Detect Stab+ Stlth++}
 22942 | Crypt:2  | Noticed Donald
 22953 | Crypt:2  | Killed Donald
 23202 | Crypt:3  | Entered Level 3 of the Crypt
 23292 | Crypt:3  | Noticed Boris
 23304 | Crypt:3  | Killed Boris
 23307 | Crypt:3  | Found an ancient bone altar of Kikubaaqudgha.
 23326 | Crypt:3  | Noticed Margery
 23346 | Crypt:3  | Killed Margery
 23551 | Crypt:3  | Identified the +3 hand axe of Utabea {holy, Dex+3}
 23587 | Crypt:3  | Reached XP level 24. HP: 168/168 MP: 31/36
 23642 | Crypt:3  | Found the crystal ball of Wucad Mu {*channel}
 23682 | Crypt:3  | Noticed Khufu
 23700 | Crypt:3  | Killed Khufu
 23702 | Crypt:3  | Found a staircase to the Tomb.
 23716 | Crypt:3  | Identified the +9 battleaxe "Puosul" {holy, Int+5}
 23724 | Crypt:3  | Got an ivory gem with 475 turns to spare
 23727 | Tomb:1   | Entered Level 1 of the Tomb of the Ancients
 23743 | Tomb:1   | Acquired the +3 helmet of Free Expression {rElec Will+
                  | Str-5 Dex+6}
 23824 | Tomb:1   | Noticed a royal mummy
 23851 | Tomb:1   | Killed a royal mummy
 23910 | Tomb:2   | Noticed a royal mummy
 23912 | Tomb:2   | Noticed a royal mummy
 23912 | Tomb:2   | Noticed a royal mummy
 23912 | Tomb:2   | Noticed a royal mummy
 23923 | Tomb:2   | Killed a royal mummy
 23926 | Tomb:2   | Killed a royal mummy
 23935 | Tomb:2   | Killed a royal mummy
 23940 | Tomb:2   | Killed a royal mummy
 24006 | Tomb:2   | Noticed Boris
 24023 | Tomb:2   | Killed Boris
 24055 | Tomb:1   | Noticed a royal mummy
 24057 | Tomb:1   | Noticed a royal mummy
 24057 | Tomb:1   | Noticed a royal mummy
 24061 | Tomb:1   | Noticed a royal mummy
 24063 | Tomb:1   | Killed a royal mummy
 24063 | Tomb:1   | Killed a royal mummy
 24064 | Tomb:1   | Killed a royal mummy
 24066 | Tomb:1   | Noticed a royal mummy
 24077 | Tomb:1   | Noticed a royal mummy
 24082 | Tomb:1   | Killed a royal mummy
 24095 | Tomb:1   | Noticed a royal mummy
 24102 | Tomb:1   | Killed a royal mummy
 24102 | Tomb:1   | Killed a royal mummy
 24120 | Tomb:1   | Killed a royal mummy
 24134 | Tomb:1   | Noticed a royal mummy
 24159 | Tomb:1   | Killed a royal mummy
 24171 | Tomb:1   | Noticed a royal mummy
 24201 | Tomb:1   | Killed a royal mummy
 24217 | Tomb:1   | Noticed a royal mummy
 24240 | Tomb:1   | Killed a royal mummy
 24272 | Tomb:1   | Noticed a royal mummy
 24280 | Tomb:1   | Noticed a royal mummy
 24285 | Tomb:1   | Killed a royal mummy
 24301 | Tomb:1   | Killed a royal mummy
 24326 | Tomb:1   | Noticed a royal mummy
 24333 | Tomb:1   | Noticed a royal mummy
 24336 | Tomb:1   | Noticed a royal mummy
 24337 | Tomb:1   | Killed a royal mummy
 24338 | Tomb:1   | Noticed a royal mummy
 24339 | Tomb:1   | Noticed a royal mummy
 24347 | Tomb:1   | Killed a royal mummy
 24348 | Tomb:1   | Killed a royal mummy
 24349 | Tomb:1   | Noticed a royal mummy
 24353 | Tomb:1   | Killed a royal mummy
 24354 | Tomb:1   | Killed a royal mummy
 24356 | Tomb:1   | Killed a royal mummy
 24357 | Tomb:1   | Reached XP level 25. HP: 44/176 MP: 19/36
 24459 | Tomb:2   | Paralysed by a Zot trap for 4 turns
 24539 | Tomb:3   | Entered Level 3 of the Tomb of the Ancients
 24553 | Tomb:3   | Noticed a royal mummy
 24553 | Tomb:3   | Noticed a royal mummy
 24554 | Tomb:3   | Noticed a royal mummy
 24558 | Tomb:3   | Identified a +9 broad axe of holy wrath (a +7 broad axe of
                  | freezing blessed by the Shining One)
 24558 | Tomb:3   | Received a gift from the Shining One
 24560 | Tomb:3   | Noticed a royal mummy
 24561 | Tomb:3   | Killed a royal mummy
 24561 | Tomb:3   | Noticed a royal mummy
 24564 | Tomb:3   | Killed a royal mummy
 24572 | Tomb:3   | Noticed a royal mummy
 24574 | Tomb:3   | Noticed a royal mummy
 24575 | Tomb:3   | Killed a royal mummy
 24575 | Tomb:3   | Killed a royal mummy
 24576 | Tomb:3   | Noticed a royal mummy
 24580 | Tomb:3   | Noticed a royal mummy
 24581 | Tomb:3   | Killed a royal mummy
 24593 | Tomb:3   | Killed a royal mummy
 24593 | Tomb:3   | Killed a royal mummy
 24593 | Tomb:3   | Killed a royal mummy
 24602 | Tomb:3   | Killed a royal mummy
 24626 | Tomb:3   | Identified the +0 leather armour of Indomitability {rElec
                  | Will+ Dex+4}
 24645 | Tomb:3   | Reached skill level 10 in Dodging
 24695 | Tomb:3   | Identified the staff "Gumiciridgh" {Fly rElec rCorr Str-4
                  | Air}
 24698 | Tomb:3   | Identified the +6 shortbow of the Summoning Jester {elec,
                  | rPois rN+ Str-3}
 24698 | Tomb:3   | Identified the +3 scale mail "Vofiurghesash" {rPois MP+9
                  | Int+4}
 24771 | Tomb:3   | Got a sanguine gem with 704 turns to spare
 24773 | Tomb:3   | Got a golden rune of Zot
 25597 | D:15     | Acquired 754 gold pieces
 25691 | D:15     | Identified the scarf of the Trout {repulsion, rElec rC+
                  | Str+3 Int+2}
 25767 | D:15     | Found a staircase to the Depths.
 25790 | D:15     | Got a smoky gem with 524 turns to spare
 25796 | Depths:1 | Entered Level 1 of the Depths
 25886 | Depths:2 | Found a one-way gate leading to the halls of Pandemonium.
 25925 | Depths:2 | Found a one-way gate to the infinite horrors of the Abyss.
 25932 | Depths:2 | Reached XP level 26. HP: 184/184 MP: 37/37
 26143 | Depths:2 | Identified the ring "Xinyl" {rElec rN+}
 26272 | Depths:2 | Found a gateway to Hell.
 26296 | Hell     | Entered the Vestibule of Hell
 26296 | Hell     | Noticed Geryon
 26321 | Hell     | Killed Geryon
 26322 | Hell     | Reached skill level 15 in Throwing
 26445 | Hell     | Found a gateway to the ashen valley of Gehenna.
 26462 | Geh:1    | Entered Level 1 of Gehenna
 26665 | Geh:3    | You are sucked into a shaft and drop 1 floor!
 26687 | Geh:4    | Noticed a dread lich
 26688 | Geh:4    | Noticed a dread lich
 26695 | Geh:4    | Paralysed by a dread lich for 3 turns
 26701 | Geh:4    | Killed a dread lich
 26701 | Geh:4    | Killed a dread lich
 26707 | Geh:4    | Noticed an ancient lich
 26720 | Geh:4    | Killed an ancient lich
 26736 | Geh:4    | Reached XP level 27. HP: 132/196 MP: 38/38
 26809 | Geh:5    | Noticed an ancient lich
 26809 | Geh:5    | Noticed an ancient lich
 26810 | Geh:5    | Noticed a dread lich
 26812 | Geh:5    | Noticed an ancient lich
 26819 | Geh:5    | Killed a dread lich
 26821 | Geh:5    | Killed an ancient lich
 26821 | Geh:5    | Killed an ancient lich
 26822 | Geh:5    | Killed an ancient lich
 26892 | Geh:6    | Noticed a dread lich
 26903 | Geh:6    | Gained mutation: You are dopey. (Int -2) [a cacodemon]
 26904 | Geh:6    | Killed a dread lich
 26935 | Geh:7    | Entered Level 7 of Gehenna
 27305 | Geh:7    | Found the +13 sceptre of Asmodeus
 27305 | Geh:7    | Noticed Asmodeus
 27317 | Geh:7    | Reached skill level 15 in Evocations
 27342 | Geh:7    | Killed Asmodeus
 27367 | Geh:7    | Got an obsidian rune of Zot
 27529 | Hell     | Found a gateway to the decaying netherworld of Tartarus.
 27539 | Tar:1    | Entered Level 1 of Tartarus
 27933 | Tar:6    | Noticed an ancient lich
 27933 | Tar:6    | Noticed an ancient lich
 27948 | Tar:6    | Killed an ancient lich
 27948 | Tar:6    | Killed an ancient lich
 28024 | Tar:7    | Entered Level 7 of Tartarus
 28480 | Tar:7    | Noticed Ereshkigal
 28809 | Tar:7    | Paralysed by Ereshkigal for 4 turns
 28819 | Tar:7    | Killed Ereshkigal
 28865 | Tar:7    | Identified the +7 plate armour "Vimoc" {Rampage rCorr
                  | Str-4}
 28873 | Tar:7    | Got a bone rune of Zot
 29145 | Hell     | Found a gateway to the freezing wastes of Cocytus.
 29172 | Coc:1    | Entered Level 1 of Cocytus
 29388 | Coc:5    | Gained mutation: Armour fits poorly on your strangely
                  | shaped body. [mutagenic glow]
 29425 | Coc:5    | Gained mutation: Your magical capacity is low. (-10% MP)
                  | [mutagenic glow]
 29494 | Coc:7    | Entered Level 7 of Cocytus
 29505 | Coc:7    | Paralysed by a wendigo for 1 turns
 29547 | Coc:7    | Paralysed by a wendigo for 1 turns
 29609 | Coc:7    | Paralysed by a wendigo for 1 turns
 30064 | Coc:7    | Noticed the Serpent of Hell
 30078 | Coc:7    | Killed the Serpent of Hell
 30153 | Coc:7    | Noticed Antaeus
 30260 | Coc:7    | Killed Antaeus
 30313 | Coc:7    | Identified the +0 ring mail of the Orcish Mines {rElec
                  | rPois rC+ Int-3}
 30315 | Coc:7    | Got an icy rune of Zot
 30422 | Coc:7    | Paralysed by a wendigo for 1 turns
 30503 | Hell     | Found a gateway to the Iron City of Dis.
 30509 | Dis:1    | Entered Level 1 of the Iron City of Dis
 30756 | Dis:3    | Found a huge runed translucent gate.
 30756 | Dis:3    | Found a huge runed translucent gate.
 30756 | Dis:3    | Found a huge runed translucent gate.
 30756 | Dis:3    | Found a huge runed translucent gate.
 30756 | Dis:3    | Found a huge runed translucent gate.
 30756 | Dis:3    | Found a huge runed translucent gate.
 30756 | Dis:3    | Found a huge runed translucent gate.
 30756 | Dis:3    | Found a huge runed translucent gate.
 30756 | Dis:3    | Found a huge runed translucent gate.
 30756 | Dis:3    | Found a huge runed translucent gate.
 30756 | Dis:3    | Found a huge runed translucent gate.
 30756 | Dis:3    | Found a huge runed translucent gate.
 30756 | Dis:3    | Found a huge runed translucent gate.
 30757 | Dis:3    | Found a huge runed translucent gate.
 30894 | Dis:3    | Found a huge runed translucent gate.
 30894 | Dis:3    | Found a huge runed translucent gate.
 30894 | Dis:3    | Found a huge runed translucent gate.
 30894 | Dis:3    | Found a huge runed translucent gate.
 30894 | Dis:3    | Found a huge runed translucent gate.
 30895 | Dis:3    | Found a huge runed translucent gate.
 30895 | Dis:3    | Found a huge runed translucent gate.
 30895 | Dis:3    | Found a huge runed translucent gate.
 30896 | Dis:3    | Found a huge runed translucent gate.
 30897 | Dis:3    | Found a huge runed translucent gate.
 30898 | Dis:3    | Found a huge runed translucent gate.
 30899 | Dis:3    | Found a huge runed translucent gate.
 30900 | Dis:3    | Found a huge runed translucent gate.
 30900 | Dis:3    | Noticed an ancient lich
 30936 | Dis:3    | Found a huge runed translucent gate.
 30943 | Dis:3    | Found a huge runed translucent gate.
 30944 | Dis:3    | Found a huge runed translucent gate.
 30945 | Dis:3    | Found a huge runed translucent gate.
 30946 | Dis:3    | Found a huge runed translucent gate.
 30947 | Dis:3    | Found a huge runed translucent gate.
 30948 | Dis:3    | Found a huge runed translucent gate.
 30948 | Dis:3    | Found a huge runed translucent gate.
 30948 | Dis:3    | Found a huge runed translucent gate.
 31121 | Dis:4    | Noticed a dread lich
 31126 | Dis:4    | Killed from afar by a Hell Sentinel

Illustrated notes

Levels and vault maps discovered:
D:1:      erik_arrival_orb_chamber, layout_rooms,
          dreamdust_ecumenical_altar_hidden_monk_grotto, serial_park_tiny_1,
          nicolae_shop_unique_rings
D:2:      layout_rooms, chequers_serial_rivers_marsh
D:3:      layout_basic, uniq_grinder
D:4:      layout_basic, uniq_pikel
D:5:      minmay_goblin_kobold_castle, layout_loops_ring,
          mainiacjoe_overflow_chevrons, nicolae_nh_ransacked_shop
D:6:      minmay_clustersquares, layout_gridville,
          minmay_temple_entry_nine_rooms, serial_shops, shop_fountains,
          nicolae_stop_n_shop_1, shop, shop, shop,
          minmay_misc_feat_four_crosses, serial_bayou_crossing,
          uniq_prince_ribbit1
D:7:      layout_basic, uniq_maurice
D:8:      layout_loops_ring, chequers_avenue, uniq_erica, uniq_gastronok
D:9:      layout_long_grid, lightli_temple_of_fire, serial_shops, shop, shop,
          shop, shop_fountains
D:10:     layout_stronghold, david_lair_generic
D:11:     layout_gridville, special_room [special_room_orc],
          portal_ice_cave_rime, serial_shops, shop, uniq_lodul, uniq_psyche
D:12:     layout_cave_pods, serial_shops, nicolae_book_shop_shelving,
          nicolae_elevator_lobby_plus, uniq_nessos, uniq_erolcha
D:13:     layout_loops_corners, chequers_serial_rivers_large_b, minmay_orc_keep
D:14:     layout_loops_ring, hellmonk_vaults_keyhole, lemuel_doored_altar,
          xom_confusion_cloud
D:15:     grunt_enter_depths_snipers, layout_long_grid, serial_shops, shop,
          patterned_corridor, minmay_rotating_lava
Temple:   nicolae_temple_slightly_damp_pantheon
Lair:1:   layout_loops_ring, basic_altar, infiniplex_staircase_pool_2, uniq_grum
Lair:2:   layout_regular_city, nicolae_spider_entry_tight_spaces, minivault_19,
          serial_bayou_shore_a, lemuel_fruit_fields
Lair:3:   layout_roguey, mainiacjoe_shoals_entry_four_pools
Lair:4:   layout_hall_layers
Lair:5:   guppyfry_lair_end_dragon, layout_small_grid,
          hangedman_lair_tendril_chambers, slime_entry_1, lemuel_fruit_tree,
          infiniplex_staircase_pool
Shoals:1: layout_shoals, uniq_jorgrun
Shoals:2: layout_shoals, serial_shops, nicolae_take_the_stairs,
          nicolae_shoals_abyss_on_the_beach
Shoals:3: layout_shoals, serial_shops, shop
Shoals:4: shoals_end_hellmonk_storm_palace [storm_palace_center_square,
          storm_palace_corner_pillars, storm_palace_corner_grid,
          storm_palace_corner_blocked, storm_palace_corner_narrow],
          uniq_mlioglotl, uniq_louise, uniq_polyphemus, uniq_mara
Spider:1: layout_spider_delve, uniq_azrael
Spider:2: layout_spider_delve
Spider:3: layout_spider_delve, special_room [special_room_bee],
          ebering_ghost_inner_flame, nicolae_spider_swamp_cousins
Spider:4: spider_rune_water
Slime:1:  layout_caves
Slime:2:  layout_caves
Slime:3:  layout_caves
Slime:4:  layout_caves
Slime:5:  slime_pit
Orc:1:    layout_diamond_mine, gammafunk_ghost_stat_death, uniq_urug
Orc:2:    grunt_orc_tribal_feast, layout_caves, basic_altar,
          nicolae_shop_vocational
Elf:1:    eino_elf_arrival_shootout, layout_geoelf_octagon, serial_shops,
          nicolae_lakefront_shop, nicolae_elf_crossing_hall
Elf:2:    elven_hall_of_blades_hangedman_alternative [grunt_blade_entry_basic],
          layout_loops_corners, serial_shops, shop
Elf:3:    grunt_elf_hall_spiral, layout_geoelf_diagonals
Vaults:1: vaults_room_door_ring, nicolae_vaults_spaceships, v_misc_5,
          serial_ice_b, vaults_room_pools, vaults_room_pool,
          nicolae_vaults_tetromino_Z_1, vaults_room_hallway, vaults_room_pool,
          nicolae_vaults_trapezoid_lopsided_1, layout_vaults_omnigrid
Vaults:2: nicolae_vaults_trapezoid_lopsided_4, nicolae_vaults_apartment_1,
          vaults_room_fancy_cross, ontoclasm_vaults_ring_square,
          grunt_vaults_funnel, nicolae_vaults_trapezoid_3,
          nicolae_vaults_octothorpe, ontoclasm_vaults_shuriken,
          nicolae_vaults_diamond_2, nicolae_vaults_tetromino_Z_2,
          layout_vaults_big_room
Vaults:3: minmay_crypt_entry_skeletal_spiral, nicolae_vaults_cochlea,
          nicolae_vaults_double_plus_2, ontoclasm_vaults_chip, v_misc_19,
          nicolae_vaults_storage_closets_3, v_alt_pattern_2,
          hangedman_vaults_locks, nicolae_vaults_mini_display_case,
          nicolae_vaults_quartermaster, nicolae_vaults_border_crossing,
          grunt_vaults_focal, vaults_room_hallway, layout_vaults_ring,
          uniq_xtahua
Vaults:4: st_greater_box_2, nicolae_vaults_tangram_2, nicolae_vaults_six-pack,
          nicolae_vaults_arrows, nicolae_vaults_offset_grid_hallway_3,
          v_misc_12, nicolae_vaults_shelves_hall, nicolae_vaults_apartment_1,
          nicolae_vaults_house_3, v_pattern_1, vaults_room_grid,
          nicolae_vaults_closet_pinwheel_1, nicolae_vaults_storage_room_glass,
          ontoclasm_vaults_ring_large, layout_vaults_maze, uniq_jory
Vaults:5: uniq_bai_suzhen, uniq_saint_roka
Crypt:1:  layout_gridlike, lightli_enter_wizlab_magi_temple, hangedman_blasphemy
Crypt:2:  hangedman_screamer, layout_rooms, grunt_ministairs_4, uniq_donald
Crypt:3:  grunt_crypt_end_deaths_head, uniq_margery, uniq_boris
Tomb:1
Tomb:2
Tomb:3
Depths:1: layout_cave_shapes, rand_demon_pan_entry_7, serial_shops,
          kennysheep_mini, tso_altar, hell_entry, grunt_ministairs_3,
          nicolae_dithmenos_the_darkroom
Depths:2: minmay_complete_graph, layout_long_grid,
          nicolae_abyss_entry_one_way_or_another, pan_entry,
          reono_crystal_passage, hell_entry
Hell
Dis:1:    layout_subdivisions
Dis:2:    layout_subdivisions
Dis:3:    layout_jigsaw, door_vault
Dis:4:    layout_gridville, hangedman_dis_decor_tower
Geh:1:    layout_gehenna_pools_basic
Geh:2:    layout_gehenna_pools_triple, hangedman_elemental_grid_stream
Geh:3:    layout_gehenna_lava_caves
Geh:4:    nicolae_geh_i_lava_good_maze [nicolae_geh_lavamaze_diaghalf_recurse,
          nicolae_geh_lavamaze_diaghalf_cornered]
Geh:5:    layout_gehenna_lava_caves, nicolae_hells_leichenhalle
Geh:6:    layout_gehenna_lava_caves
Geh:7:    evilmike_geh
Coc:1:    layout_ice_bergs
Coc:2:    layout_ice_bergs
Coc:3:    layout_ice_bergs
Coc:4:    layout_cocytus_water_paths
Coc:5:    nicolae_hells_giants_party, layout_cocytus_delve
Coc:6:    layout_cocytus_delve
Coc:7:    coc_mu
Tar:1:    layout_grid_maze
Tar:2:    layout_cathedral_of_symmetry
Tar:3:    layout_catacombs
Tar:4:    layout_grid_maze
Tar:5:    layout_catacombs
Tar:6:    layout_cathedral_of_symmetry, nicolae_hells_hurtin_island
Tar:7:    tar_minmay_river

Skill      XL: |  1  2  3  4  5  6  7  8  9 10 11 12 13 14 15 16 17 18 19 20 21 22 23 24 25 26 27 |
---------------+----------------------------------------------------------------------------------+-----
Axes           | 3 4 5 6 7 9 10 11 13 14 16 17 18 | 18.2
Stealth        | 1 2 |  2.0
Fighting       | 4 5 6 8 9 10 11 12 14 15 16 18 19 20 22 23 24 26 | 26.0
Armour         | 1 2 4 6 7 9 10 11 12 13 14 15 16 18 19 20 21 22 25 | 25.1
Throwing       | 2 3 6 7 11 12 14 16 20 | 20.0
Dodging        | 3 4 5 6 7 8 9 10 12 | 12.0
Evocations     | 1 2 3 4 5 6 10 12 14 16 | 16.0
Invocations    | 2 3 7 11 12 14 16 18 19 21 22 26 | 26.0
Shields        | 8 12 13 14 17 18 20 21 22 25 | 25.1

Action                     |  1- 3 |  4- 6 |  7- 9 | 10-12 | 13-15 | 16-18 | 19-21 | 22-24 | 25-27 || total
---------------------------+-------+-------+-------+-------+-------+-------+-------+-------+-------++-------
  Melee: Hand axe          |    63 |    58 |   210 |       |       |       |       |       |       ||   331
         Dire flail        |       |       |    11 |   356 |   308 |       |       |       |       ||   675
         Battleaxe         |       |       |     6 |    86 |   535 |    62 |       |       |       ||   689
         War axe           |       |       |       |       |     4 |  1003 |  1197 |  1340 |   469 ||  4013
         Trident           |       |       |       |       |     9 |    16 |    20 |     3 |       ||    48
         Broad axe         |       |       |       |       |       |       |       |       |  2288 ||  2288
   Fire: Sling             |       |    11 |     8 |       |       |       |       |       |       ||    19
  Throw: Dart              |     1 |     3 |    12 |    33 |    20 |     5 |       |     2 |     5 ||    81
         Stone             |       |       |     3 |    40 |    10 |       |       |       |       ||    53
         Boomerang         |       |       |       |     3 |    62 |   244 |    38 |    19 |    55 ||   421
         Javelin           |       |       |       |       |       |     4 |       |    13 |     7 ||    24
 Invoke: Divine Shield     |       |       |       |     8 |     2 |    17 |     8 |    12 |    16 ||    63
         Summon Divine War |       |       |       |       |     4 |    13 |     5 |     2 |     2 ||    26
         Cleansing Flame   |       |       |       |       |     2 |     8 |    12 |    60 |    88 ||   170
         Brand Weapon With |       |       |       |       |       |       |       |       |     1 ||     1
  Evoke: Wand              |       |       |       |    19 |     3 |     4 |     1 |     4 |    11 ||    42
         Tin of tremorston |       |       |       |       |     1 |     2 |       |     3 |     1 ||     7
         Box of beasts     |       |       |       |       |       |     1 |       |       |       ||     1
    Use: Scroll            |       |       |     7 |     5 |    10 |    26 |    15 |     4 |    12 ||    79
         Potion            |       |       |       |     4 |     3 |    16 |       |     5 |     5 ||    33
 Armour: Robe              |    42 |     1 |       |       |       |       |       |       |       ||    43
         Leather armour    |       |    23 |       |       |       |       |       |       |       ||    23
         Chain mail        |       |    29 |   204 |   417 |       |       |       |       |       ||   650
         Crystal plate arm |       |       |       |     2 |   781 |  1045 |   939 |  1167 |  2315 ||  6249
  Dodge: Dodged            |    50 |    37 |   113 |   200 |   285 |   349 |   173 |   263 |   482 ||  1952
         Repelled          |       |       |       |       |     2 |    22 |     5 |    10 |    42 ||    81
  Block: Other             |       |       |       |    29 |     6 |       |       |       |       ||    35
         Kite shield       |       |       |       |       |       |   979 |   789 |   348 |       ||  2116
         Reflection        |       |       |       |       |       |    19 |    43 |     5 |   108 ||   175
         Tower shield      |       |       |       |       |       |       |       |  1494 |  3693 ||  5187
